 Dungeon Crawl Stone Soup version 0.30.0-29-ga12c61a403 (webtiles) character file.

Game seed: 12067810549852633267

45 Ijustatesigmund the Stinger (level 3, -2/23 HPs)
             Began as an Octopode Venom Mage on June 19, 2023.
             Slain by an orc wizard
             ... wielding a +0 dagger
              (4 damage)
             ... on level 2 of the Dungeon.
             The game lasted 00:03:49 (1981 turns).

Ijustatesigmund the Stinger (Octopode Venom Mage)   Turns: 1981, Time: 00:03:50

Health: -2/23      AC:  1    Str:  7    XL:     3   Next: 64%
Magic:  1/6        EV: 13    Int: 19    God:
Gold:   123        SH:  0    Dex: 12    Spells: 4/7 levels left

rFire   . . .        e - +0 short sword
rCold   . . .        (no shield)
rNeg    . . .        (helmet restricted)
rPois   .            (no amulet)
rElec   .            (no ring)
rCorr   .            (no ring)
SInv    .            (no ring)
Will    .....        (no ring)
Stlth   +++          (no ring)
HPRegen 0.23/turn    (no ring)
MPRegen 0.10/turn    (no ring)
                     (no ring)

%: no passive effects
@: no status effects
A: almost no armour, amphibious, 8 rings, camouflage 1, gelatinous body 1,
(nimble swimmer 1), tentacles
a: no special abilities


You were on level 2 of the Dungeon.
You visited 1 branch of the dungeon, and saw 3 of its levels.

You collected 123 gold pieces.

Inventory:

Hand Weapons
 e - a +0 short sword (weapon)
Missiles
 h - 4 silver javelins (quivered)
Armour
 i - a +0 buckler
Scrolls
 f - 2 scrolls of poison
Potions
 a - a potion of magic
 b - a potion of lignification
 c - a potion of curing {unknown}
 d - a potion of attraction {unknown}
 g - a potion of haste {unknown}
 j - a potion of brilliance {unknown}
 k - 2 potions of degeneration {unknown}


   Skills:
 + Level 1.3 Fighting
 - Level 2.0 Dodging
 - Level 2.6 Stealth
 + Level 2.5 Spellcasting
 - Level 1.0 Transmutations
 + Level 1.1 Air Magic
 + Level 4.2 Poison Magic


You had 4 spell levels left.
You knew the following spells:

 Your Spells              Type           Power      Damage    Failure   Level
a - Sting                 Tmut/Pois      48%        1d5       5%          1
b - Poisonous Vapours     Pois/Air       24%        N/A       9%          2

Your spell library contained the following spells:

 Spells                   Type           Power      Damage    Failure   Level
 Mephitic Cloud           Conj/Pois/Air  9%         N/A       22%         3
 Blink                    Tloc           4%         N/A       24%         2
 Olgreb's Toxic Radiance  Pois           18%        N/A       28%         4
 Ozocubu's Armour         Ice            2%         N/A       43%         3
 Manifold Assault         Tloc           2%         N/A       85%         4
 Ozocubu's Refrigeration  Ice            1%         4d7       100%        7
 Storm Form               Tmut/Air       3%         N/A       100%        7


Dungeon Overview and Level Annotations

Branches:
Dungeon (3/15)

Altars:
Vehumet

Shops:
D:1 [


Innate Abilities, Weirdness & Mutations

You cannot wear most types of armour.
You are amphibious.
You can wear up to eight rings at the same time.
Your skin changes colour to match your surroundings (Stealth+).
Your rubbery body absorbs attacks. (AC +1, EV +1)
((You are camouflaged when in or above water. (Stealth+)))
You have tentacles for arms and can constrict up to eight enemies at once.


Message History

The orc is severely wounded.
The orc priest looks braver for a moment.
The orc completely misses you.
You hit the orc.
You kill the orc!
A goblin comes into view. It is wielding a +0 dagger.
The orc priest looks braver for a moment.
The orc wizard mumbles some strange words.
The orc wizard flickers and vanishes!
Deactivating autopickup; reactivate with Ctrl-A.
The orc wizard attacks as you move away!
The orc wizard hits you with a +0 dagger.
The orc priest calls down the wrath of Beogh upon you.
Beogh smites you!
Ouch! That really hurt!
* * * LOW HITPOINT WARNING * * *
There is a stone staircase leading up here.
The orc wizard barely misses you.
You climb upwards.
Reactivating autopickup.
There is a stone staircase leading down here.
You closely miss the orc wizard. Your grab misses the orc wizard.
The orc wizard barely misses you.
You closely miss the orc wizard. Your grab misses the orc wizard.
The orc wizard misses you.
You hit the orc wizard. Your grab misses the orc wizard.
Your squeeze misses the orc wizard.
The orc wizard is lightly wounded.
The orc wizard hits you with a +0 dagger.
* * * LOW HITPOINT WARNING * * *
You hit the orc wizard but do no damage.
Your grab misses the orc wizard.
The orc wizard is lightly wounded.
The orc wizard hits you with a +0 dagger.
* * * LOW HITPOINT WARNING * * *
You barely miss the orc wizard. You grab the orc wizard.
The orc wizard is lightly wounded.
You constrict the orc wizard, but do no damage.
The orc wizard hits you with a +0 dagger.
You die...

#################
................#
###############.#########
.......# #.#.......#
######.# ###.#.#####.#
#......# #.......# #.#
#.###### ####.#.#.#.###.#
#.########.........<....#
................@.########
#.#.######.##.#o#........#
#...## #)##.#.########.#
#....# #.##.#.# #.# #....#
#)##.#.# #.# #....#
#.##.#.# #.# .....#
#.##.#.# #.# .....#
#.##.#.# ###.# .....#
#.##.#.######.#.#


You could see an orc wizard.

Vanquished Creatures
  A dart slug (D:1)
  An orc (D:3)
  4 endoplasms
  4 goblins (D:1)
  2 hobgoblins
  3 jackals (D:1)
  2 quokkas (D:1)
  4 ball pythons (D:1)
  8 bats (D:1)
  3 frilled lizards (D:1)
  3 kobolds
  6 rats
41 creatures vanquished.

Notes
Turn   | Place    | Note
-------+----------+-------------------------------------------
     0 | D:1      | Ijustatesigmund the Octopode Venom Mage began the quest for
                  | the Orb.
     0 | D:1      | Reached XP level 1. HP: 11/11 MP: 3/3
    24 | D:1      | Reached XP level 2. HP: 16/18 MP: 1/5
    27 | D:1      | Learned a level 2 spell: Poisonous Vapours
   133 | D:1      | Reached skill level 1 in Fighting
   186 | D:1      | Reached skill level 4 in Poison Magic
   466 | D:1      | Found Okilam's Antique Armour Boutique.
   491 | D:1      | Reached XP level 3. HP: 20/23 MP: 1/6
   722 | D:1      | Reached skill level 1 in Air Magic
  1727 | D:2      | Found a radiant altar of Vehumet.
  1980 | D:2      | HP: 1/23 [orc wizard/+0 dagger (4)]
  1981 | D:2      | Slain by an orc wizard

Illustrated notes

Levels and vault maps discovered:
D:1:      lightli_iron_boxes, layout_loops_ring, serial_shops,
          nicolae_shop_tiny_real_fake_doors
D:2:      layout_basic, basic_altar
D:3:      layout_loops_corners, mainiacjoe_overflow_catwalk_spiral,
          shapermc_ecumenical_altar_petra, portal_sewer_entry_b,
          minmay_misc_feat_more_columns, nrook_mini_backslash,
          hangedman_decor_points

Skill      XL: |  1  2  3 |
---------------+----------+-----
Fighting       | 1 |  1.3
Poison Magic   | 4 |  4.2
Air Magic      | 1 |  1.1
Dodging        | |  2.0
Stealth        | |  2.6
Spellcasting   | |  2.5
Transmutations | |  1.0

Action                     || total
---------------------------++-------
  Melee: Unarmed           ||    71
         Constrict         ||    28
         Tentacles         ||    19
         Short sword       ||    24
   Cast: Sting             ||     6
         Poisonous Vapours ||    23
    Use: Scroll            ||     4
   Stab: Sleeping          ||     3
 Armour: Skin              ||    10
  Dodge: Dodged            ||    66
